[ AOE2 MATCH · #495298482 ]
UnrankedSaracens vs Mongols
Player's team · LOSS
Rival team · WIN
[ REPLAY ANALYSIS · EXTRACTED FROM THE RECORDED GAME ]
Feudal
10:06
Castle
18:45
Imperial
—
| APM avg | 43.0 |
| APM peak | 78 |
| eAPM avg | 21.6 |
| Villagers / military | 82 / 65 |
Focus
⚔️ 32.0% · 🌾 68.0%
Camel Scout ×48 · Knight ×14 · Spearman ×2 · Monk ×1
Feudal
8:52
Castle
19:33
Imperial
—
| APM avg | 41.3 |
| APM peak | 77 |
| eAPM avg | 18.2 |
| Villagers / military | 114 / 55 |
Focus
⚔️ 32.1% · 🌾 67.9%
Cavalry Archer ×43 · Monk ×6 · Mangonel ×4 · Scout Cavalry ×2
Match map
Initial resources + every placement click. Lines = walls · curves = elevation contours. ◆ gold · ⬟ stone · ● berries · ✦ relic · ◌ wall gap
Your base· ✓ Closed at 18:45 · 51t walls · 1 gate(s)
瑞斯's base· ✓ Closed at 19:33 · 52t walls · 1 gate(s)
Smoothed initial terrain · ◌ = detected wall gap · hover for details
Inputs per minute
— simonthepope - - 瑞斯
Build order — simonthepope
First 150 of 229 actions detected
| 0:01 | Queue | Villager (Male) ×4 |
| 0:02 | Build | House |
| 0:04 | Build | House |
| 1:26 | Queue | Villager (Male) |
| 1:26 | Queue | Villager (Male) |
| 2:04 | Build | Lumber Camp |
| 2:06 | Queue | Villager (Male) |
| 2:07 | Queue | Villager (Male) |
| 2:18 | Queue | Villager (Male) |
| 2:18 | Queue | Villager (Male) |
| 2:49 | Queue | Villager (Male) |
| 2:49 | Queue | Villager (Male) |
| 3:00 | Queue | Villager (Male) |
| 3:00 | Queue | Villager (Male) |
| 3:06 | Build | House |
| 3:07 | Build | Palisade Wall |
| 3:46 | Queue | Villager (Male) |
| 3:50 | Queue | Villager (Male) |
| 3:50 | Queue | Villager (Male) |
| 4:24 | Queue | Villager (Male) |
| 5:04 | Build | House |
| 5:26 | Queue | Villager (Male) |
| 5:26 | Queue | Villager (Male) |
| 5:36 | Queue | Villager (Male) |
| 5:39 | Build | House |
| 5:41 | Queue | Villager (Male) |
| 5:51 | Queue | Villager (Male) |
| 5:54 | Queue | Villager (Male) |
| 6:11 | Queue | Villager (Male) |
| 6:22 | Build | Mill |
| 6:36 | Build | Palisade Wall |
| 6:46 | Research | Loom |
| 6:52 | Build | Palisade Wall |
| 6:55 | Queue | Villager (Male) |
| 7:17 | Build | House |
| 7:18 | Build | Palisade Wall |
| 7:28 | Research | Feudal Age |
| 7:44 | Build | House |
| 7:47 | Build | Palisade Wall |
| 8:36 | Build | Barracks |
| 8:39 | Build | Palisade Wall |
| 8:49 | Build | Palisade Wall |
| 9:24 | Build | Palisade Gate |
| 9:31 | Queue | Villager (Male) |
| 10:06 | Age | Feudal Age |
| 10:08 | Queue | Spearman |
| 10:19 | Research | Double-Bit Axe |
| 10:21 | Research | Horse Collar |
| 10:43 | Queue | Villager (Male) |
| 10:43 | Queue | Villager (Male) |
| 10:45 | Build | Farm |
| 10:46 | Build | Farm |
| 10:48 | Build | Farm |
| 10:49 | Build | Farm |
| 10:55 | Queue | Villager (Male) |
| 11:10 | Build | Farm |
| 11:19 | Queue | Villager (Male) |
| 11:43 | Queue | Spearman |
| 12:04 | Build | Farm |
| 12:06 | Build | Farm |
| 12:14 | Queue | Villager (Male) |
| 12:16 | Queue | Villager (Male) |
| 12:27 | Queue | Villager (Male) |
| 12:33 | Build | Farm |
| 12:33 | Queue | Villager (Male) |
| 12:46 | Queue | Villager (Male) |
| 13:04 | Queue | Villager (Male) |
| 13:08 | Build | Farm |
| 13:14 | Build | Market |
| 13:17 | Queue | Villager (Male) |
| 13:29 | Build | Farm |
| 13:34 | Build | House |
| 13:35 | Build | House |
| 13:43 | Build | Farm |
| 14:06 | Queue | Villager (Male) |
| 14:17 | Queue | Villager (Male) |
| 14:18 | Build | Mining Camp |
| 14:57 | Build | Stable |
| 15:02 | Queue | Villager (Male) |
| 16:01 | Build | House |
| 16:05 | Research | Castle Age |
| 16:30 | Build | Lumber Camp |
| 17:37 | Research | Bloodlines |
| 17:42 | Build | Stable |
| 17:51 | Build | Stable |
| 18:17 | Research | Wheelbarrow |
| 18:20 | Queue | Villager (Male) |
| 18:21 | Queue | Villager (Male) |
| 18:45 | Age | Castle Age |
| 18:46 | Build | Town Center |
| 18:50 | Build | Town Center |
| 18:53 | Research | Bow Saw |
| 19:00 | Queue | Knight |
| 19:01 | Queue | Knight |
| 19:15 | Queue | Villager (Male) |
| 19:17 | Research | Heavy Plow |
| 19:18 | Queue | Villager (Male) |
| 19:25 | Build | House |
| 19:25 | Build | House |
| 19:26 | Build | House |
| 19:28 | Build | Palisade Wall |
| 19:49 | Research | Husbandry |
| 19:58 | Queue | Villager (Male) |
| 19:58 | Queue | Villager (Male) |
| 20:05 | Queue | Knight |
| 20:05 | Queue | Knight |
| 20:08 | Build | Lumber Camp |
| 20:27 | Queue | Villager (Male) |
| 20:27 | Queue | Villager (Male) |
| 20:32 | Build | Farm |
| 20:33 | Build | Farm |
| 20:33 | Build | Farm |
| 20:33 | Build | Farm |
| 20:33 | Build | Farm |
| 20:38 | Queue | Villager (Male) |
| 20:39 | Queue | Villager (Male) |
| 20:49 | Queue | Villager (Male) |
| 20:50 | Queue | Villager (Male) |
| 20:52 | Build | Farm |
| 21:00 | Build | Farm |
| 21:07 | Queue | Villager (Male) |
| 21:18 | Build | Farm |
| 21:18 | Build | Farm |
| 21:24 | Queue | Knight |
| 21:35 | Build | Farm |
| 21:36 | Build | Farm |
| 21:37 | Queue | Villager (Male) |
| 21:37 | Queue | Villager (Male) |
| 21:43 | Build | Farm |
| 21:44 | Build | Farm |
| 21:45 | Build | Farm |
| 21:53 | Queue | Knight |
| 21:53 | Queue | Knight |
| 21:56 | Queue | Villager (Male) |
| 21:56 | Queue | Villager (Male) |
| 22:06 | Build | House |
| 22:08 | Queue | Knight |
| 22:08 | Queue | Knight |
| 22:29 | Queue | Villager (Male) |
| 22:29 | Queue | Villager (Male) |
| 22:30 | Queue | Villager (Male) |
| 22:35 | Build | Stable |
| 22:42 | Build | Monastery |
| 22:46 | Queue | Knight |
| 22:49 | Queue | Villager (Male) |
| 22:49 | Queue | Villager (Male) |
| 22:52 | Build | House |
| 22:53 | Build | House |
| 22:54 | Queue | Villager (Male) |
| 22:54 | Queue | Villager (Male) |
Build order — 瑞斯
First 150 of 261 actions detected
| 0:00 | Queue | Villager (Male) |
| 0:01 | Queue | Villager (Male) |
| 0:02 | Build | House |
| 0:03 | Build | House |
| 0:09 | Queue | Villager (Male) |
| 0:12 | Queue | Villager (Male) |
| 1:27 | Queue | Villager (Male) |
| 1:46 | Build | Lumber Camp |
| 1:58 | Queue | Villager (Male) |
| 2:15 | Queue | Villager (Male) |
| 2:45 | Queue | Villager (Male) |
| 3:04 | Queue | Villager (Male) |
| 3:26 | Queue | Villager (Male) |
| 3:57 | Queue | Villager (Male) |
| 4:31 | Research | Loom |
| 4:33 | Build | House |
| 4:34 | Queue | Villager (Male) |
| 4:38 | Queue | Villager (Male) |
| 4:48 | Queue | Villager (Male) |
| 4:50 | Queue | Villager (Male) |
| 5:23 | Build | Mill |
| 5:28 | Queue | Villager (Male) |
| 6:16 | Research | Feudal Age |
| 7:09 | Queue | Villager (Male) |
| 7:13 | Build | House |
| 7:14 | Build | Palisade Wall |
| 7:30 | Build | Barracks |
| 7:55 | Build | House |
| 8:05 | Queue | Villager (Male) |
| 8:24 | Build | House |
| 8:52 | Age | Feudal Age |
| 8:53 | Queue | Villager (Male) |
| 9:01 | Build | Stable |
| 9:03 | Research | Double-Bit Axe |
| 9:03 | Research | Double-Bit Axe |
| 9:05 | Queue | Villager (Male) |
| 9:25 | Build | Palisade Wall |
| 9:31 | Build | Palisade Wall |
| 9:46 | Queue | Scout Cavalry |
| 9:46 | Queue | Scout Cavalry |
| 9:47 | Queue | Villager (Male) |
| 10:04 | Build | Mill |
| 10:07 | Queue | Villager (Male) |
| 10:30 | Build | Palisade Wall |
| 10:31 | Build | Palisade Wall |
| 10:37 | Build | House |
| 10:40 | Build | Palisade Wall |
| 10:41 | Queue | Villager (Male) |
| 10:47 | Build | Palisade Wall |
| 10:48 | Build | Palisade Wall |
| 10:51 | Build | Palisade Wall |
| 10:52 | Build | Palisade Wall |
| 10:59 | Queue | Villager (Male) |
| 11:11 | Research | Horse Collar |
| 11:24 | Queue | Villager (Male) |
| 11:39 | Build | Farm |
| 11:42 | Build | Farm |
| 11:47 | Queue | Villager (Male) |
| 12:09 | Queue | Villager (Male) |
| 12:12 | Build | Farm |
| 12:14 | Build | Farm |
| 12:38 | Queue | Villager (Male) |
| 12:47 | Build | Farm |
| 12:49 | Build | Farm |
| 12:53 | Build | Farm |
| 13:00 | Queue | Villager (Male) |
| 13:10 | Build | Farm |
| 13:10 | Queue | Villager (Male) |
| 13:11 | Build | Farm |
| 13:25 | Build | Farm |
| 13:25 | Queue | Villager (Male) |
| 13:28 | Build | Farm |
| 13:39 | Build | Farm |
| 13:42 | Build | Farm |
| 13:43 | Queue | Villager (Male) |
| 13:46 | Build | Farm |
| 13:55 | Queue | Villager (Male) |
| 14:03 | Build | House |
| 14:04 | Build | House |
| 14:10 | Build | House |
| 14:12 | Queue | Villager (Male) |
| 14:17 | Build | Mining Camp |
| 14:18 | Queue | Villager (Male) |
| 14:29 | Build | Farm |
| 14:30 | Build | Farm |
| 14:32 | Queue | Villager (Male) |
| 14:52 | Queue | Villager (Male) |
| 15:02 | Build | Farm |
| 15:04 | Build | Farm |
| 15:04 | Queue | Villager (Male) |
| 15:16 | Queue | Villager (Male) |
| 15:50 | Build | Blacksmith |
| 15:52 | Queue | Villager (Male) |
| 16:38 | Build | Palisade Gate |
| 16:41 | Build | Farm |
| 16:53 | Research | Castle Age |
| 16:53 | Research | Castle Age |
| 16:53 | Queue | Villager (Male) |
| 17:04 | Research | Gold Mining |
| 17:29 | Queue | Villager (Male) |
| 17:45 | Research | Wheelbarrow |
| 17:56 | Build | Lumber Camp |
| 18:11 | Build | Archery Range |
| 18:19 | Research | Fletching |
| 18:21 | Research | Bloodlines |
| 18:21 | Research | Bloodlines |
| 19:03 | Build | Archery Range |
| 19:33 | Age | Castle Age |
| 19:41 | Build | Archery Range |
| 19:49 | Research | Bodkin Arrow |
| 19:49 | Research | Padded Archer Armor |
| 19:52 | Research | Husbandry |
| 19:52 | Queue | Villager (Male) |
| 19:57 | Queue | Cavalry Archer ×2 |
| 20:02 | Queue | Villager (Male) |
| 20:12 | Queue | Cavalry Archer ×2 |
| 20:14 | Queue | Villager (Male) |
| 20:23 | Queue | Villager (Male) |
| 20:24 | Queue | Cavalry Archer |
| 20:35 | Queue | Cavalry Archer ×2 |
| 20:36 | Queue | Villager (Male) |
| 20:43 | Queue | Villager (Male) |
| 20:46 | Queue | Villager (Male) |
| 20:49 | Queue | Villager (Male) |
| 20:53 | Queue | Villager (Male) |
| 20:59 | Queue | Villager (Male) |
| 21:01 | Research | Bow Saw |
| 21:01 | Research | Bow Saw |
| 21:02 | Queue | Villager (Male) |
| 21:06 | Build | House |
| 21:08 | Build | House |
| 21:09 | Queue | Villager (Male) |
| 21:11 | Queue | Cavalry Archer |
| 21:17 | Queue | Cavalry Archer |
| 21:18 | Queue | Villager (Male) |
| 21:24 | Queue | Villager (Male) |
| 21:28 | Queue | Villager (Male) |
| 21:31 | Queue | Villager (Male) |
| 21:36 | Queue | Villager (Male) |
| 21:38 | Queue | Villager (Male) |
| 21:39 | Queue | Villager (Male) |
| 21:41 | Queue | Villager (Male) |
| 21:45 | Queue | Cavalry Archer |
| 21:46 | Queue | Villager (Male) |
| 21:49 | Queue | Cavalry Archer |
| 21:59 | Queue | Villager (Male) |
| 22:06 | Queue | Villager (Male) |
| 22:10 | Queue | Villager (Male) |
| 22:12 | Queue | Villager (Male) |
| 22:20 | Queue | Villager (Male) |
Match timeline
| 3:07 | simonthepope · wall_segment Palisade Wall x1 |
| 6:36 | simonthepope · wall_segment Palisade Wall x12 |
| 6:52 | simonthepope · wall_segment Palisade Wall x14 |
| 7:14 | 瑞斯 · wall_segment Palisade Wall x5 |
| 7:18 | simonthepope · wall_segment Palisade Wall x6 |
| 7:30 | 瑞斯 · first_building Barracks |
| 7:47 | simonthepope · wall_segment Palisade Wall x9 |
| 8:36 | simonthepope · first_building Barracks |
| 8:39 | simonthepope · wall_segment Palisade Wall x9 |
| 8:49 | simonthepope · wall_segment Palisade Wall x1 |
| 8:52 | 瑞斯 · age_up feudal |
| 9:01 | 瑞斯 · first_building Stable |
| 9:25 | 瑞斯 · wall_segment Palisade Wall x5 |
| 9:31 | 瑞斯 · wall_segment Palisade Wall x9 |
| 10:06 | simonthepope · age_up feudal |
| 10:30 | 瑞斯 · wall_segment Palisade Wall x1 |
| 10:31 | 瑞斯 · wall_segment Palisade Wall x1 |
| 10:40 | 瑞斯 · wall_segment Palisade Wall x14 |
| 10:47 | 瑞斯 · wall_segment Palisade Wall x4 |
| 10:48 | 瑞斯 · wall_segment Palisade Wall x1 |
| 10:51 | 瑞斯 · wall_segment Palisade Wall x10 |
| 10:52 | 瑞斯 · wall_segment Palisade Wall x3 |
| 14:57 | simonthepope · first_building Stable |
| 15:32 | simonthepope · first_market_sell 100 food |
| 18:11 | 瑞斯 · first_building Archery Range |
| 18:45 | simonthepope · age_up castle |
| 19:28 | simonthepope · wall_segment Palisade Wall x2 |
| 19:33 | 瑞斯 · age_up castle |
| 22:42 | simonthepope · first_building Monastery |
| 25:47 | 瑞斯 · first_building Siege Workshop |
| 26:22 | simonthepope · first_market_buy 100 food |
| 26:56 | 瑞斯 · first_building Monastery |
| 31:02 | simonthepope · resign |
[ AI ANALYSIS · 1 CREDIT ]
What really happened in this match?
Wolo.gg analyzes every decision: build order, eco, micro, common mistakes by bracket. Personalized analysis on WhatsApp or Discord in 30 seconds.
Civ guide
Saracens
Perfil
Jugador #10425540